 Dungeon Crawl Stone Soup version 0.29.1-2-gbd0b4ee654 (webtiles) character file.

Game seed: 3477796403576640752

700 qeuew the Poker (level 7, -7/54 HPs)
             Began as a Merfolk Gladiator on Nov 15, 2022.
             Was a Follower of Okawaru.
             Mangled by a two-headed ogre
             ... wielding a +0 giant club
              (15 damage)
             ... on level 6 of the Dungeon.
             The game lasted 00:04:21 (4296 turns).

qeuew the Poker (Merfolk Gladiator)                 Turns: 4296, Time: 00:04:22

Health: -7/54      AC:  7    Str: 13 (16) XL:     7   Next: 65%
Magic:  9/9        EV: 12    Int:  8      God:    Okawaru [*.....]
Gold:   247        SH:  0    Dex: 14 (15) Spells: 6/6 levels left

rFire   . . .      SeeInvis .   a - +0 trident (venom)
rCold   . . .      Faith    .   (no shield)
rNeg    . . .      Spirit   .   h - +0 ring mail
rPois   .          Reflect  .   c - +1 helmet
rElec   .          Harm     .   (no cloak)
rCorr   .          Rampage  .   (no gloves)
Will    .....      Clarity  +   (no boots)
Stlth   +.........              (no amulet)
HPRegen 0.18/turn               (no ring)
MPRegen 0.11/turn               (no ring)

@: no status effects
A: (nimble swimmer 2), mertail, clarity, passive freeze
a: Renounce Religion, Heroism


You were on level 6 of the Dungeon.
You worshipped Okawaru.
Okawaru was aware of your devotion.
You visited 1 branch of the dungeon, and saw 6 of its levels.

You collected 247 gold pieces.

Inventory:

Hand Weapons
 a - a +0 trident of venom (weapon)
Missiles
 d - 2 throwing nets (quivered)
 e - 3 javelins
Armour
 c - a +1 helmet (worn)
 h - a +0 ring mail (worn)
Jewellery
 n - a ring of poison resistance
Wands
 f - a wand of flame (13)
Scrolls
 b - 6 scrolls of teleportation
 m - a scroll of amnesia
Potions
 g - 2 potions of heal wounds
 i - 4 potions of curing
 j - a potion of resistance
 k - a potion of brilliance
 l - 2 potions of cancellation


   Skills:
 + Level 4.1 Fighting
 + Level 5.9 Polearms
 + Level 3.8 Throwing
 + Level 2.1 Armour
 + Level 5.8 Dodging
 + Level 2.7 Invocations
 + Level 2.0 Evocations


You had 6 spell levels left.
You didn't know any spells.
Your spell library contained the following spells:

 Spells                   Type           Power      Damage    Failure   Level
 Apportation              Tloc           0%         N/A       67%         1
 Necrotise                Necr           0%         1d4       67%         1
 Ensorcelled Hibernation  Hex/Ice        0%         N/A       80%         2
 Passwall                 Tmut/Erth      0%         N/A       80%         2
 Confusing Touch          Hex            0%         N/A       95%         3
 Gell's Gravitas          Tloc           0%         N/A       95%         3
 Lesser Beckoning         Tloc           0%         N/A       95%         3
 Portal Projectile        Hex/Tloc       0%         N/A       95%         3
 Swiftness                Air            0%         N/A       95%         3
 Teleport Other           Tloc           0%         N/A       95%         3
 Leda's Liquefaction      Hex/Erth       0%         N/A       100%        4
 Yara's Violent Unravell  Hex/Tmut       0%         3d3       100%        5
 Enfeeble                 Hex            0%         N/A       100%        7
 Summon Small Mammal      Summ           Unusable   N/A       N/A         1
 Call Canine Familiar     Summ           Unusable   N/A       N/A         3
 Summon Guardian Golem    Hex/Summ       Unusable   N/A       N/A         3

Dungeon Overview and Level Annotations

Branches:
Dungeon (6/15)             Temple (0/1) D:4

Altars:
Elyvilon
Okawaru


Innate Abilities, Weirdness & Mutations

((You are very nimble when in or above water. (Stealth+, EV+, Speed+++)))
Your lower body shifts to a powerful aquatic tail in water.
You possess an exceptional clarity of mind.
A frigid envelope surrounds you and freezes all who hurt you.


Message History

The throwing net hits the two-headed ogre.
The two-headed ogre is caught in the net!
The two-headed ogre is lightly wounded.
You puncture the two-headed ogre!
The two-headed ogre looks as sick as possible!
The two-headed ogre is lightly wounded.
The two-headed ogre struggles against the net.
You puncture the two-headed ogre!
The two-headed ogre looks as sick as possible!
The two-headed ogre is heavily wounded.
The two-headed ogre struggles against the net.
You hit the two-headed ogre.
The two-headed ogre looks as sick as possible!
The two-headed ogre is heavily wounded.
The two-headed ogre struggles against the net.
You barely miss the two-headed ogre.
The two-headed ogre is heavily wounded.
The two-headed ogre struggles against the net.
You hit the two-headed ogre.
The two-headed ogre looks as sick as possible!
The two-headed ogre is heavily wounded.
The two-headed ogre struggles against the net.
You hit the two-headed ogre.
The two-headed ogre looks as sick as possible!
The two-headed ogre is severely wounded.
The two-headed ogre struggles against the net.
The net rips apart, and the two-headed ogre comes free!
You barely miss the two-headed ogre.
The two-headed ogre is severely wounded.
The two-headed ogre hits you with a +0 giant club!
* * * LOW HITPOINT WARNING * * *
The two-headed ogre is very cold.
The two-headed ogre is almost dead.
The two-headed ogre closely misses you.
You hit the two-headed ogre but do no damage.
The two-headed ogre looks as sick as possible!
The two-headed ogre is almost dead.
The two-headed ogre barely misses you.
The two-headed ogre hits you with a +0 giant club!
You die...

### ##
#.###############.
#.................
#.###############.
#@# #. #O# #. ..#
############. .###
#..........#.
..######.########.#.
#. #.......# #.#. ..
#.......# #.#. ##
##.####..#######.#.
........>........#.


You could see a two-headed ogre (extremely poisoned).

Vanquished Creatures
  A sky beast (D:6)
  A black bear (D:5)
  A phantom (D:5)
  A necrophage (D:5)
  A scorpion (D:5)
  4 jellies
  A hound (D:6)
  7 adders
  3 ufetubi (D:5)
  2 worms (D:2)
  A dart slug (D:1)
  5 orcs (D:5)
  9 ball pythons
  3 endoplasms
  5 giant cockroaches
  7 goblins
  7 hobgoblins
  5 jackals
  10 kobolds
  2 quokkas
  6 bats
  A frilled lizard (D:3)
  9 rats
92 creatures vanquished.

Notes
Turn   | Place    | Note
-------+----------+-------------------------------------------
     0 | D:1      | qeuew the Merfolk Gladiator began the quest for the Orb.
     0 | D:1      | Reached XP level 1. HP: 16/16 MP: 1/1
    86 | D:1      | Found a faded altar of an unknown god.
   107 | D:1      | Reached XP level 2. HP: 23/23 MP: 2/2
   468 | D:1      | Reached XP level 3. HP: 24/28 MP: 3/3
  1270 | D:2      | Reached XP level 4. HP: 33/34 MP: 4/4
  1359 | D:2      | Found a white marble altar of Elyvilon.
  1379 | D:2      | Became a worshipper of Elyvilon the Healer
  1924 | D:3      | Reached * piety under Elyvilon
  2044 | D:3      | Reached skill level 1 in Armour
  2076 | D:3      | Found a white marble altar of Elyvilon.
  2203 | D:3      | Reached ** piety under Elyvilon
  2418 | D:3      | Reached XP level 5. HP: 39/41 MP: 5/5
  2605 | D:4      | Reached skill level 1 in Invocations
  2648 | D:4      | Found an iron altar of Okawaru.
  2673 | D:4      | Fell from the grace of Elyvilon
  2673 | D:4      | Became a worshipper of Warmaster Okawaru
  2944 | D:4      | Reached skill level 5 in Polearms
  2944 | D:4      | Reached skill level 5 in Dodging
  3195 | D:4      | Found a staircase to the Ecumenical Temple.
  3342 | D:5      | Entered Level 5 of the Dungeon
  3369 | D:5      | Reached XP level 6. HP: 45/47 MP: 7/7
  3558 | D:5      | Noticed a black bear
  3564 | D:5      | Killed a black bear
  3565 | D:5      | Reached skill level 1 in Evocations
  3600 | D:5      | Reached XP level 7. HP: 40/53 MP: 8/8
  3814 | D:5      | Reached * piety under Okawaru
  4145 | D:5      | Gained mutation: You possess an exceptional clarity of
                  | mind. [potion of mutation]
  4145 | D:5      | Gained mutation: A frigid envelope surrounds you and
                  | freezes all who hurt you. [potion of mutation]
  4285 | D:6      | Noticed a two-headed ogre
  4296 | D:6      | Mangled by a two-headed ogre

Illustrated notes

Levels and vault maps discovered:
D:1:      dpeg_arrival_simpleton_b, layout_loops_ring,
          hellmonk_ecumenical_altar_arch_garden
D:2:      minmay_angry_zag, layout_loops_cross, basic_altar, grunt_ministairs_2,
          nicolae_eternal_life, chequers_garden
D:3:      layout_basic, overflow_temple_1_default
D:4:      layout_loops_cross, amcnicky_altar_gilded,
          minmay_temple_entry_enclosed_plants
D:5:      layout_gridville
D:6:      layout_basic, nicolae_kikubaaqudgha_miasma_corner,
          nicolae_shop_sticking_my_neck_out

Skill      XL: |  1  2  3  4  5  6  7 |
---------------+----------------------+-----
Fighting       | 3 4 |  4.1
Armour         | 1 2 |  2.1
Invocations    | 1 2 |  2.7
Throwing       | 3 |  3.8
Polearms       | 5 |  5.9
Dodging        | 5 |  5.8
Evocations     | 1 2 |  2.0

Action                   |  1- 3 |  4- 6 |  7- 9 || total
-------------------------+-------+-------+-------++-------
Melee: Trident           |    93 |   139 |    43 ||   275
       Punch             |       |     1 |     1 ||     2
Throw: Throwing net      |       |       |     1 ||     1
  Use: Scroll            |     4 |     5 |     1 ||    10
       Potion            |     3 |     2 |     2 ||     7
Armor: Leather armour    |     2 |       |       ||     2
       Ring mail         |    14 |    47 |     6 ||    67
Dodge: Dodged            |    37 |    70 |    19 ||   126
